 Dungeon Crawl Stone Soup version 0.28.0 (webtiles) character file.

Game seed: 1488705249833822344

24 growler the Gusty (level 3, -9/19 HPs)
             Began as a Tengu Air Elementalist on Feb 16, 2022.
             Mangled by Sigmund (10 damage)
             ... on level 2 of the Dungeon.
             The game lasted 00:02:50 (1287 turns).

growler the Gusty (Tengu Air Elementalist)          Turns: 1287, Time: 00:02:51

Health: -9/19      AC:  2    Str:  8    XL:     3   Next: 2%
Magic:  1/7        EV: 12    Int: 17    God:
Gold:   18         SH:  0    Dex: 14    Spells: 0/6 levels left

rFire   . . .      SeeInvis .   (no weapon)
rCold   . . .      Faith    .   (no shield)
rNeg    . . .      Spirit   .   a - +0 robe
rPois   .          Reflect  .   (helmet restricted)
rElec   .          Harm     .   (no cloak)
rCorr   .          Rampage  .   (no gloves)
Will    .....                   (boots unavailable)
Stlth   +.........              (no amulet)
HPRegen 0.06/turn               (no ring)
MPRegen 0.10/turn               (no ring)

@: confused
A: beak, talons 3
a: no special abilities


You were on level 2 of the Dungeon.
You visited 1 branch of the dungeon, and saw 2 of its levels.

You collected 18 gold pieces.

Inventory:

Armour
 a - a +0 robe (worn)
Scrolls
 d - a scroll of blinking {unknown}
 e - a scroll of enchant weapon {unknown}
Potions
 b - a potion of lignification {unknown}
 c - a potion of attraction {unknown}


   Skills:
 - Level 2.1 Dodging
 - Level 2.0 Stealth
 + Level 2.4 Spellcasting
 + Level 2.4 Conjurations
 + Level 4.5 Air Magic


You couldn't memorise any spells.
You knew the following spells:

 Your Spells              Type           Power      Damage    Failure   Level
a - Shock                 Conj/Air       56%        1d6       4%          1
d - Static Discharge      Conj/Air       14%        N/A       7%          2
s - Swiftness             Air            17%        N/A       9%          3

Your spell library contained the following spells:

 Spells                   Type           Power      Damage    Failure   Level
 Airstrike                Air            8%         N/A       28%         4


Dungeon Overview and Level Annotations

Branches:
Dungeon (2/15)

Altars:

Annotations:
D:2 Sigmund


Innate Abilities, Weirdness & Mutations

You have a beak for a mouth.
You have claws for feet.


Message History

The zap hits the endoplasm.
You kill the endoplasm!
You have reached level 3!
Your experience leads to an increase in your attributes!
Increase (S)trength, (I)ntelligence, or (D)exterity?
You feel clever. x2
This spell is extremely dangerous to cast!
Memorise Swiftness, consuming 3 spell levels and leaving 0?
You start memorising the spell.
You continue memorising. x3
You finish memorising.
Spell assigned to 's'.
Your magical contamination has completely faded away.
You see here 17 stones.
Sigmund the Dreaded comes into view.
He is wielding a +0 scythe.
Sigmund shouts!
Sigmund hits you from afar with a +0 scythe.
Found 15 gold pieces.
You miscast Static Discharge.
You are very lightly contaminated with residual magic.
Nothing appears to happen.
Sigmund misses you.
Sigmund is struck by an arc of lightning.
You are struck by an arc of lightning.
The lightning grounds out.
Sigmund hits you with a +0 scythe.
Sigmund is struck by an arc of lightning!
You are struck by an arc of lightning.
* * * LOW HITPOINT WARNING * * *
The lightning grounds out.
Sigmund barely misses you.
You don't have enough magic to cast this spell.
Unknown command.
The zap hits Sigmund. x2
Sigmund hits you from afar with a +0 scythe.
* * * LOW HITPOINT WARNING * * *
Your magical contamination has completely faded away.
Sigmund looks at you with fury. Sigmund gestures at you while chanting.
The magic dart hits you.
* * * LOW HITPOINT WARNING * * *
Attack: -) Nothing wielded
Okay, then.
Unknown command.
A giant cockroach comes into view.
Sigmund casts a spell at you.
You are confused.
You bump into the rock wall.
You bump into the rock wall.
Sigmund barely misses you.
You bump into the rock wall.
Sigmund hits you from afar with a +0 scythe!
Ouch! That really hurt!
You die...

######## #......#
#.####.# ###
##.####.##
##.#######........##
#..@.@..............
##B####.##..####..#.
#.# #...#..# #....
#.##$......# #..#.
...##...#........#.
... ##.#########.#.
#...# #.# #.#. #####
#.# #.## ###.##


You could see Sigmund and a giant cockroach.

Vanquished Creatures
  A ball python (D:1)
  4 endoplasms
  A giant cockroach (D:1)
  4 goblins (D:1)
  3 hobgoblins (D:1)
  A quokka (D:1)
  2 bats (D:1)
  A frilled lizard (D:1)
  A kobold (D:1)
  4 rats (D:1)
22 creatures vanquished.

Notes
Turn   | Place    | Note
-------+----------+-------------------------------------------
     0 | D:1      | growler the Tengu Air Elementalist began the quest for the
                  | Orb.
     0 | D:1      | Reached XP level 1. HP: 10/10 MP: 4/4
   378 | D:1      | Reached XP level 2. HP: 15/15 MP: 3/6
   381 | D:1      | Learned a level 2 spell: Static Discharge
   629 | D:1      | Found a faded altar of an unknown god.
  1212 | D:2      | Reached XP level 3. HP: 19/19 MP: 4/7
  1216 | D:2      | Learned a level 3 spell: Swiftness
  1268 | D:2      | Noticed Sigmund
  1287 | D:2      | Mangled by Sigmund

Illustrated notes

Levels and vault maps discovered:
D:1:      sevenhm_arrival_forest_fort_small_4, layout_rooms,
          shapermc_ecumenical_altar_totnotflames
D:2:      layout_loops_corners, basic_altar, guppyfry_early_lair_pool,
          uniq_sigmund, uniq_jessica

Skill      XL: |  1 |
---------------+----+-----
Conjurations   | 2 |  2.4
Dodging        | |  2.1
Stealth        | |  2.0
Spellcasting   | |  2.4
Air Magic      | |  4.5

Action                   || total
-------------------------++-------
Melee: Unarmed           ||     6
       Peck              ||     1
       Kick              ||     2
 Cast: Shock             ||    22
       Static Discharge  ||    12
Armor: Robe              ||     1
Dodge: Dodged            ||    14
